Map: Flooded City

Players

HeaT - Winner!

  • Race: Zerg Zerg
  • League: Platinum
  • Spawn Location: 12:00

PanterA - Winner!

  • Race: Protoss Protoss
  • Spawn Location: 12:00

MonstroTown

  • Race: Terran Terran
  • Spawn Location: 6:00

Michael

  • Race: Zerg Zerg
  • League: Gold
  • Spawn Location: 6:00

VOD

Have the link to the VOD?

Description

Time

  • Played on: Oct. 6, 2018, 4:33 p.m.
  • Length: 10:45
Show
View Real Time Build Order
Export as new Build Order

HeaT Zerg - Winner!

Build Orders: Hatch First 

Get SALT Encoding   

  12  0:01  Drone  
  13  0:08  Drone  
  14  0:17  Overlord  
  14  0:36  Drone x3  
  17  0:55  Hatchery  
  16  1:07  Extractor  
  15  1:14  Spawning Pool  
  15  1:15  Drone  
  15  1:26  Drone  
  15  1:27  Drone  
  17  1:35  Drone  
  18  1:44  Drone  
  19  1:49  Drone  
  20  2:00  Overlord, Queen  
  22  2:07  Queen  
  24  2:16  Metabolic Boost  
  24  2:22  Zergling x2  
  25  2:25  Zergling x2  
  26  2:37  Zergling x8  
  30  2:57  Zergling x6  
  32  2:59  Spine Crawler  
  31  3:15  Baneling Nest  
  31  3:17  Zergling x6  
  31  3:18  Zergling x4  
  35  3:31  Overlord  
  35  3:32  Lair  
  30  4:14  Zergling x2  
  30  4:15  Zergling x22  
  34  4:31  Drone  
  34  4:32  Drone  
  34  4:37  Drone x2, Spire  
  36  4:57  Zergling x16  
  44  5:03  Baneling x2  
  44  5:04  Baneling x2  
  37  5:21  Drone x4  
  37  5:27  Extractor  
  38  5:29  Extractor  
  38  5:30  Extractor, Drone  
  38  5:31  Drone x4  
  35  5:59  Zergling x2  
  35  6:00  Zergling x14  
  29  6:51  Mutalisk  
  29  6:52  Mutalisk x3  
  36  6:58  Queen  
  36  7:01  Mutalisk  
  38  7:02  Overlord x2  
  38  7:07  Drone x3  
  43  7:22  Drone x4  
  47  7:23  Drone x2  
  49  7:41  Mutalisk x3  
  55  7:47  Mutalisk  
  55  7:51  Mutalisk  
  57  7:57  Overlord  
  59  8:16  Drone x3  
  59  8:17  Queen  
  64  8:26  Hatchery  
  63  9:02  Mutalisk  
  63  9:03  Mutalisk  
  63  9:04  Overlord x3  
  67  9:15  Infestation Pit  
  66  9:17  Overlord x2  
  66  9:44  Mutalisk  
  66  9:45  Mutalisk x7  
  70  9:46  Mutalisk  
  82  9:58  Mutalisk  
  82  9:59  Overlord x2  
  84  10:01  Queen  
  84  10:03  Drone  
  84  10:04  Drone x3  
  90  10:21  Drone x7  
  91  10:22  Drone  
Show
View Real Time Build Order
Export as new Build Order

PanterA Protoss - Winner!

Build Orders:  

Get SALT Encoding   

  12  0:01  Probe  
  13  0:13  Probe  
  14  0:18  Pylon  
  14  0:25  Probe  
  15  0:34  Probe  
  16  0:42  Probe  
  17  0:51  Gateway  
  17  0:52  Probe  
  18  1:04  Probe  
  18  1:08  Assimilator  
  19  1:11  Assimilator  
  19  1:22  Pylon  
  19  1:42  Pylon  
  19  1:48  Cybernetics Core  
  19  1:58  Probe  
  19  2:06  Zealot, Probe  
  22  2:09  Pylon  
  23  2:26  Nexus  
  23  2:27  Probe  
  24  2:35  Stalker  
  25  2:47  Probe  
  25  2:49  Pylon  
  25  2:51  Warp Gate  
  26  2:56  Gateway  
  26  2:59  Adept, Probe  
  29  3:17  Shield Battery  
  29  3:29  Adept  
  29  3:30  Gateway  
  31  3:40  Probe  
  32  3:44  Twilight Council  
  32  3:47  Stalker  
  34  4:04  Probe x2  
  36  4:12  Forge  
  36  4:16  Probe x2  
  38  4:27  Charge  
  38  4:43  Robotics Facility  
  38  4:46  Gateway  
  38  4:59  Stalker x3  
  44  5:03  Protoss Ground Weapons Level 1  
  42  5:28  Photon Cannon  
  42  5:35  Stalker x3  
  48  5:37  Probe x2  
  50  5:47  Immortal  
  52  6:00  Probe x2  
  52  6:03  Assimilator  
  54  6:04  Assimilator  
  54  6:24  Probe x2  
  46  6:37  Zealot x4  
  46  6:39  Immortal  
  50  6:41  Protoss Ground Armor Level 1  
  52  6:50  Dark Shrine  
  52  6:54  Probe  
  52  6:55  Probe  
  54  7:08  Pylon  
  54  7:26  Immortal, Probe x2  
  60  7:37  Pylon  
  60  7:38  Probe  
  61  7:53  Shield Battery  
  61  7:59  Nexus  
  61  8:02  Robotics Bay, Pylon  
  61  8:04  Shield Battery  
  61  8:07  Dark Templar x2  
  65  8:16  Probe x2  
  67  8:22  Pylon  
  67  8:23  Dark Templar  
  67  8:24  Dark Templar  
  71  8:28  Probe  
  72  9:00  Zealot x2  
  72  9:01  Zealot x2  
  76  9:18  Colossus  
  78  9:42  Shield Battery  
  78  9:45  Photon Cannon, Probe x3  
  81  9:56  Dark Templar  
  81  9:57  Dark Templar x3, Probe  
  90  10:02  Gateway  
  90  10:06  Gateway  
  90  10:10  Archon x2  
  94  10:14  Probe x2  
  94  10:18  Pylon  
Show
View Real Time Build Order
Export as new Build Order

MonstroTown Terran 

Build Orders:  

Get SALT Encoding   

  12  0:01  SCV  
  13  0:13  SCV  
  14  0:19  Supply Depot  
  14  0:25  SCV  
  15  0:40  SCV  
  15  0:41  Barracks  
  16  0:52  SCV  
  16  0:56  Barracks  
  17  1:07  SCV  
  18  1:15  Barracks  
  18  1:19  SCV  
  18  1:23  Refinery  
  19  1:30  Marine  
  20  1:32  SCV  
  21  1:43  Marine  
  21  1:47  Orbital Command  
  22  1:55  Refinery  
  22  1:59  Marine  
  23  2:11  Supply Depot  
  23  2:16  Marine x2  
  23  2:20  Marine  
  26  2:25  SCV  
  27  2:35  Barracks Tech Lab  
  27  2:36  Marine  
  28  2:58  Marine  
  29  3:01  Stimpack  
  29  3:04  Factory  
  29  3:15  Marine  
  29  3:17  Command Center  
  30  3:29  Marauder  
  30  3:30  Marine  
  30  3:33  SCV  
  34  3:46  Marine  
  35  3:49  Hellion  
  35  3:52  Starport  
  37  4:02  Marine x2  
  19  4:20  SCV  
  20  4:27  Marine x2  
  22  4:34  Hellion  
  24  4:45  Medivac  
  26  4:50  SCV x2  
  28  4:56  Marine x2  
  30  5:02  SCV  
  30  5:03  Hellion  
  33  5:17  Marine x2  
  33  5:18  Medivac  
  33  5:20  Marauder  
  41  5:32  Factory Tech Lab  
  39  5:35  Orbital Command  
  39  5:36  Marine  
  39  5:37  Marine  
  39  5:42  Marauder  
  43  5:54  Marine x2  
  45  6:03  Marine  
  46  6:04  SCV  
  47  6:12  Marine  
  48  6:25  Marauder  
  26  6:47  Marine  
  26  6:48  Marine x2  
  29  7:03  SCV x2  
  29  7:06  Marauder  
  33  7:09  Marine  
  33  7:10  Marine  
  35  7:23  SCV  
  35  7:24  SCV  
  35  7:27  Marine x2  
  35  7:28  Medivac, Marine  
  42  7:36  SCV x2  
  44  7:45  Marine x2  
  44  7:48  SCV  
  47  7:52  Engineering Bay, Barracks  
  47  7:53  Barracks  
  47  7:54  Orbital Command  
  47  7:57  Engineering Bay  
  47  8:00  Barracks  
  47  8:02  Engineering Bay, Marine  
  48  8:15  Marauder, Marine  
  48  8:16  Siege Tank  
  54  8:28  Armory  
  54  8:32  SCV x2  
  56  8:39  Marine  
  48  8:46  Missile Turret  
  40  8:57  SCV x2  
  42  9:07  Marine x3  
  45  9:11  SCV  
  45  9:14  SCV  
  47  9:19  Missile Turret  
  47  9:22  Marine x2  
  45  9:47  Marine  
  45  9:48  Marine x2  
  45  9:49  Viking  
  45  9:52  SCV x2  
  52  9:58  Marine  
  52  9:59  Marine  
  54  10:04  SCV x2  
  56  10:11  Marine  
  57  10:16  Missile Turret  
  57  10:18  Marine  
Show
View Real Time Build Order
Export as new Build Order

Michael Zerg 

Build Orders: Pool First 

Get SALT Encoding   

  12  0:01  Drone  
  13  0:13  Overlord  
  13  0:18  Drone  
  14  0:31  Drone x2  
  14  0:35  Drone  
  17  0:37  Extractor  
  16  0:45  Drone  
  17  0:53  Spawning Pool  
  16  1:00  Drone  
  17  1:07  Drone  
  18  1:32  Drone  
  19  1:34  Hatchery  
  19  1:35  Drone  
  19  1:41  Zergling x2  
  20  1:48  Metabolic Boost  
  20  1:57  Queen  
  22  2:04  Overlord  
  22  2:16  Overlord  
  22  2:23  Drone  
  22  2:25  Drone  
  24  2:41  Queen  
  25  2:47  Roach Warren, Drone x2  
  26  2:51  Drone  
  26  2:55  Zergling x2  
  27  3:10  Queen  
  27  3:11  Spine Crawler  
  28  3:27  Lair  
  28  3:35  Roach  
  28  3:39  Roach  
  32  3:43  Roach  
  32  3:46  Queen  
  32  3:47  Roach  
  37  3:53  Overlord  
  37  4:13  Zergling x2  
  37  4:14  Roach x3  
  42  4:25  Queen  
  42  4:27  Glial Reconstitution  
  44  4:34  Overlord  
  43  4:59  Queen  
  45  5:05  Hydralisk Den  
  44  5:07  Spore Crawler  
  37  5:17  Roach  
  37  5:18  Roach x3  
  41  5:23  Zergling x6  
  44  5:40  Overlord x2  
  44  5:42  Overlord  
  42  5:54  Overlord  
  39  5:59  Drone x3  
  42  6:09  Roach  
  42  6:10  Roach  
  44  6:25  Roach x3  
  48  6:34  Roach x2  
  48  6:35  Roach  
  54  6:40  Drone  
  54  6:41  Drone  
  54  6:53  Roach x2  
  50  7:06  Extractor  
  49  7:08  Extractor, Drone x2  
  49  7:09  Extractor, Drone x3  
  49  7:10  Drone  
  53  7:21  Drone  
  53  7:22  Drone x2  
  56  7:28  Muscular Augments  
  57  7:30  Drone  
  57  7:31  Drone  
  57  7:33  Drone  
  59  7:53  Hatchery  
  59  7:58  Roach  
  60  8:00  Overlord  
  60  8:01  Overlord  
  60  8:06  Overlord  
  60  8:20  Drone  
  60  8:21  Drone x5  
  66  8:31  Hydralisk x2  
  70  8:36  Hydralisk  
  72  8:43  Hydralisk  
  72  8:44  Spore Crawler  
  70  8:50  Spore Crawler  
  70  8:52  Overseer  
  70  8:53  Overseer  
  58  9:04  Overlord  
  55  9:11  Hydralisk  
  57  9:27  Hydralisk  
  59  9:36  Drone x2  
  59  9:37  Drone  
  62  9:48  Hydralisk  
  64  9:58  Hydralisk  
  66  10:07  Hydralisk  
  68  10:15  Drone x2  
  68  10:19  Drone  
Tags
 
Add a new tag
Caveats
  • Supply blocks, unpowered buildings, or Contaminate may cause inaccurate times.
  • Supply counts are checked every 10 seconds.